 Dungeon Crawl Stone Soup version 0.29.1-4-g47bece8355 (webtiles) character file.

Game seed: 6512830119976610537

43922 croobank the Spry (level 13, 0/69 HPs)
             Began as a Felid Summoner on Dec 3, 2022.
             Was an Initiate of Gozag.
             Slain by a wolf spider (8 damage)
             ... on level 3 of the Spider Nest on Dec 4, 2022.
             The game lasted 03:05:26 (33753 turns).

croobank the Spry (Felid Summoner)                 Turns: 33753, Time: 03:05:27

Health: 0/69       AC:  5    Str: 11    XL:     13   Next: 93%
Magic:  20/28      EV: 32    Int: 25    God:    Gozag
Gold:   4994       SH:  0    Dex: 16    Spells: 1/33 levels left
                                        Lives:  0   Deaths: 3

rFire   + . .      SeeInvis +   (weapon unavailable)
rCold   + + .      Faith    .   (shield unavailable)
rNeg    . . .      Spirit   .   (body armour unavailable)
rPois   +          Reflect  .   (helmet unavailable)
rElec   .          Harm     .   (cloak unavailable)
rCorr   .          Rampage  .   (gloves unavailable)
Will    +....                   (boots unavailable)
Stlth   +.........              a - amulet "Fuff" {RegenMP Str+3}
HPRegen 0.21/turn               f - +4 ring of evasion
MPRegen 0.61/turn               i - ring of Myutixaz {rPois rF+ rC+ Int+5}

@: very slightly contaminated, glowing, quick
A: very small, claws 1, fangs 3, see invisible, speed 1, shaggy fur 3, stealthy
paws, no weapons or thrown items, no armour, multi-lived, iridescent scales 1,
screaming 1, strong 1
a: Renounce Religion, Potion Petition, Call Merchant, Bribe Branch


You were on level 3 of the Spider Nest.
You worshipped Gozag.
Gozag was most pleased with you.
You visited 4 branches of the dungeon, and saw 23 of its levels.
You also visited: Volcano.

You collected 6202 gold pieces.
You spent 600 gold pieces at shops.
You paid 608 gold pieces to Gozag.

Inventory:

Jewellery
 a - the amulet "Fuff" (around neck) {RegenMP Str+3}
   (You acquired it on level 3 of the Dungeon)

   [amulet of magic regeneration]

   It increases your rate of magic regeneration.
   Str:       It affects your strength (+3).
 c - a ring of fire
 e - a ring of ice
 f - a +4 ring of evasion (left paw)
 i - the ring of Myutixaz (right paw) {rPois rF+ rC+ Int+5}
   (You acquired it on level 6 of the Dungeon)

   [ring of protection from cold]

   Int:       It affects your intelligence (+5).
   rF:        It protects you from fire.
   rC:        It protects you from cold.
   rPois:     It protects you from poison.
 j - an amulet of regeneration
 t - a ring of fire
 F - a +6 ring of strength
 G - a +6 ring of dexterity
 H - a ring of fire
Wands
 m - a wand of paralysis (12)
 s - a wand of flame (11)
 A - a wand of polymorph (16)
 D - a wand of iceblast (7)
Scrolls
 k - 11 scrolls of teleportation
 o - 2 scrolls of amnesia
 q - 10 scrolls of identify
 u - 4 scrolls of butterflies
 x - a scroll of silence
 y - 4 scrolls of poison
Potions
 b - 3 potions of resistance
 d - 3 potions of curing
 g - 4 potions of attraction
 h - 3 potions of brilliance
 l - 2 potions of haste
 n - 5 potions of mutation
 p - 3 potions of lignification
 r - 4 potions of cancellation
 v - 2 potions of invisibility
 z - 7 potions of might
 B - a potion of magic
 C - a potion of flight
 E - a potion of berserk rage
Miscellaneous
 w - a condenser vane


   Skills:
 - Level 15.0 Fighting
 + Level 16.6 Dodging
 - Level 3.5 Stealth
 + Level 10.6 Spellcasting
 - Level 4.2 Conjurations
 - Level 5.0 Hexes
 + Level 10.7 Summonings
 * Level 10.1 Translocations
 + Level 3.5 Transmutations
 - Level 7.0 Air Magic


You had one spell level left.
You knew the following spells:

 Your Spells              Type           Power      Damage    Failure   Level
a - Summon Small Mammal   Summ           100%       N/A       1%          1
b - Call Imp              Summ           61%        N/A       1%          2
c - Call Canine Familiar  Summ           61%        N/A       1%          3
d - Summon Guardian Gole  Hex/Summ       51%        N/A       1%          3
e - Summon Lightning Spi  Summ/Air       55%        N/A       1%          4
f - Mephitic Cloud        Conj/Pois/Air  31%        N/A       3%          3
g - Dazzling Flash        Conj/Hex       72%        N/A       1%          3
h - Dispersal             Tloc           29%        N/A       11%         6
i - Stone Arrow           Conj/Erth      46%        3d9       6%          3
j - Iskenderun's Mystic   Conj/Tloc      49%        2d11      2%          4

Your spell library contained the following spells:

 Spells                   Type           Power      Damage    Failure   Level
 Beastly Appendage        Tmut           62%        N/A       1%          1
 Magic Dart               Conj           100%       1d8       1%          1
 Slow                     Hex            100%       N/A       1%          1
 Freeze                   Ice            52%        1d7       4%          1
 Wereblood                Tmut           31%        N/A       1%          2
 Confusing Touch          Hex            38%        N/A       1%          3
 Gell's Gravitas          Tloc           59%        N/A       1%          3
 Lesser Beckoning         Tloc           59%        N/A       1%          3
 Teleport Other           Tloc           59%        N/A       1%          3
 Tukima's Dance           Hex            38%        N/A       1%          3
 Spider Form              Tmut/Pois      22%        N/A       7%          3
 Frozen Ramparts          Ice            26%        1d4       14%         3
 Vampiric Draining        Necr           13%        2d6       14%         3
 Hailstorm                Conj/Ice       23%        3d7       19%         4
 Yara's Violent Unravell  Hex/Tmut       17%        3d8       22%         5
 Blade Hands              Tmut           15%        N/A       30%         5
 Alistair's Intoxication  Tmut/Pois      14%        N/A       52%         5
 Borgnjor's Vile Clutch   Necr/Erth      6%         N/A       78%         5
 Spellforged Servitor     Conj/Summ      25%        N/A       88%         7
 Starburst                Conj/Fire      11%        6d5       96%         6
 Haunt                    Necr/Summ      20%        N/A       99%         7
 Death Channel            Necr           6%         N/A       100%        6
 Infestation              Necr           6%         N/A       100%        8
 Lehudib's Crystal Spear  Conj/Erth      11%        10d4      100%        8
 Portal Projectile        Hex/Tloc       Unusable   N/A       N/A         3
 Animate Armour           Summ/Erth      Unusable   N/A       N/A         4
 Animate Dead             Necr           Unusable   N/A       N/A         4

Dungeon Overview and Level Annotations

Branches:
Dungeon (13/15)            Temple (0/1) D:6            Lair (5/5) D:11
 Shoals (0/4) Lair:2       Spider (3/4) Lair:2        Slime (0/5) Lair:5
    Orc (2/2) D:11            Elf (0/3) Orc:2        Vaults (0/5) D:13
Volcano (visited)

Altars:
Cheibriados
Dithmenos
Elyvilon
Gozag
Kikubaaqudgha
Qazlal
Ru
Sif Muna
Trog
Vehumet
Wu Jian
Yredelemnul
Zin
Jiyva

Shops:
D:1 :   D:8 :[   Orc:1 [   Orc:2 !(:(

Annotations:
D:8 2 transporters, ratmagoo's ghost, novice GrEE
D:12 2 transporters, Frances; Jingleheimer's ghost, journeyman MfFi
Lair:2 3 runed translucent doors, croobank's ghost, journeyman DsCj; fishmans's ghost, journeyman DrFE
Orc:1 1 runed translucent door, tatocazan's ghost, journeyman MiFi


Innate Abilities, Weirdness & Mutations

You have sharp claws.
You have razor-sharp teeth.
You have supernaturally acute eyesight. (SInv)
You cover ground quickly. (Speed+)
Your thick and shaggy fur keeps you warm. (AC +3, rC+)
Your paws help you pounce on unaware monsters.
You are incapable of wielding weapons or throwing items.
You cannot wear armour.
You gain extra lives every three experience levels.
You are partially covered in iridescent scales. (AC +2)
You occasionally shout uncontrollably at your foes.
Your muscles are strong. (Str +4, Int/Dex -1)


Message History

The wolf spider barely misses you.
The jumping spider leaps!
The broodmother misses you. The wolf spider barely misses you.
The wolf spider bites you.
There is a stone staircase leading up, spattered with blood here.
You see here 6 gold pieces.
Casting: Iskenderun's Mystic Blast (dangerous; 2% risk of failure)
Confirm with . or Enter, or press ? or * to list all spells.
Casting: Dispersal (quite dangerous; 11% risk of failure)
Press: ? - help, Dir - look around, f - activate You miscast Dispersal.
You are very lightly contaminated with residual magic.
Nothing appears to happen.
The broodmother summons spiders!
The wolf spider hits you. The wolf spider completely misses you.
The jumping spider leaps!
The sun moth misses you. The broodmother misses you.
Casting: Dispersal (quite dangerous; 11% risk of failure)
Confirm with . or Enter, or press ? or * to list all spells.
You erupt in a blast of force!
The mystic blast hits the redback!
The redback is moderately wounded.
The redback is knocked back by the mystic blast.
The mystic blast hits the broodmother!
The broodmother is lightly wounded.
The broodmother is knocked back by the mystic blast.
The mystic blast hits the sun moth!
The sun moth is lightly wounded.
The sun moth is knocked back by the mystic blast.
The sun moth slams into the rock wall!
The sun moth is lightly wounded.
The mystic blast hits the wolf spider!
The wolf spider is lightly wounded.
The wolf spider is knocked back by the mystic blast.
You hear a skittering sound.
The jumping spider leaps!
The sun moth throws energy at you. The bolt of energy hits you!!!
Ouch! That really hurt!
* * * LOW HITPOINT WARNING * * *
The broodmother is healed somewhat.
The wolf spider completely misses you. The wolf spider bites you!
You die...
Your body crumbles into a pile of gold.

..... .. ...... ..
... ....##### ...
.... .......##..#
....###.....#...##
...$^..........#
#####...........#
!.....$s##s.....##
......$s@s)..|...#
..^#..#y###.#.####
.s....#s$...#..#
...s...s.$.$.#####
........#>#s.....#
..#.......s<^....#
.....$..........$#
^......^####...###
..)...... ....#


You could see 2 broodmothers, a sun moth, a wolf spider, a culicivora
(summoned), 2 jumping spiders and a redback.

Vanquished Creatures
  A ghost moth (Spider:2)
  Erolcha (Orc:2)
  Sonja (Lair:1)
  A deep elf pyromancer (Orc:1)
  3 deep elf zephyrmancers
  A wolf spider (Spider:2)
  3 orc sorcerers (Orc:2)
  An elephant (Lair:5)
  A tarantella (Spider:3)
  A blink frog (Lair:2)
  A jumping spider (Spider:2)
  3 culicivoras
  4 redbacks
  An orc priest (Orc:1)
  7 orc wizards (Orc:2)
  7 orcs
  2 endoplasms (D:1)
  2 giant cockroaches (D:2)
  A ball python (D:2)
  A bat (D:2)
  A frilled lizard (D:2)
  A rat (D:1)
45 creatures vanquished.

Vanquished Creatures (collateral kills)
  Rupert (Lair:4)
  Gastronok (Lair:1)
  An orc warlord (Orc:1)
  An entropy weaver (Spider:3)
  An ogre mage (Orc:2)
  2 hydras
  2 boulder beetles (Spider:2)
  A centaur warrior (Volcano)
  4 death yaks (D:11)
  An orb spider (Lair:2)
  An orc knight (Orc:1)
  2 deep elf zephyrmancers (Orc:1)
  3 deep elf pyromancers
  3 wolf spiders
  5 orc sorcerers (Orc:2)
  An oklob plant (Lair:5)
  2 cyclopes
  11 elephants (Lair:5)
  2 torpor snails (Spider:1)
  4 black mambas (Lair:5)
  An orange demon (D:11)
  A gargoyle (D:11)
  14 cane toads
  A rime drake (Lair:5)
  2 yaktaurs (Volcano)
  8 komodo dragons
  2 ice devils (D:11)
  3 tarantellas
  3 dream sheep (Lair:4)
  9 blink frogs
  A culicivora (Spider:1)
  5 jumping spiders
  3 wraiths
  12 yaks
  A vampire (D:10)
  12 wyverns
  A basilisk (Lair:5)
  A steam dragon (D:8)
  10 redbacks
  2 wargs (Orc:1)
  17 water moccasins
  2 ice beasts
  A sky beast (D:7)
  6 orc warriors
  3 ogres
  8 wolves
  The ghost of Jingleheimer the Poker, an amateur DsGl (D:4)
  2 centaurs (Volcano)
  A kobold brigand (D:6)
  8 bullfrogs
  A gnoll sergeant (D:9)
  3 necrophages
  A scorpion (D:6)
  2 killer bees (D:10)
  4 howler monkeys
  A hound (D:3)
  A water moccasin simulacrum (D:4)
  A jelly (D:4)
  11 orc priests
  An iguana (D:5)
  19 orc wizards
  17 gnolls
  8 adders
  A hound simulacrum (D:4)
  A white imp (D:4)
  An adder skeleton (D:2)
  4 worms
  A dart slug (D:4)
  An adder simulacrum (D:4)
  47 orcs
  5 ball pythons
  6 bats
  9 endoplasms
  4 giant cockroaches
  7 goblins
  5 hobgoblins
  2 jackals (D:1)
  14 kobolds
  A quokka (D:1)
  A ball python skeleton (D:2)
  3 ball python zombies (D:2)
  7 frilled lizards
  A quokka simulacrum (D:4)
  5 rats
  A spectral kobold (D:1)
387 creatures vanquished.

Vanquished Creatures (others)
  An entropy weaver (Spider:2)
  An ettin (Orc:1)
  A hydra (Lair:4)
  6 two-headed ogres
  An ogre mage (Orc:2)
  A death yak (D:11)
  2 pharaoh ants
  Amaemon (D:11)
  A steelbarb worm (Spider:1)
  An orb spider (Spider:1)
  An ugly thing (D:11)
  A wolf spider (Spider:2)
  2 manticores
  An elephant (Lair:5)
  A guardian serpent (Lair:5)
  Psyche (D:8)
  4 komodo dragons
  6 cane toads
  4 hornets
  3 trolls
  3 tarantellas
  Prince Ribbit (D:8)
  A dream sheep (Lair:4)
  4 jumping spiders
  5 wyverns
  24 yaks
  3 culicivoras
  4 redbacks
  3 acid dragons
  3 wargs (Orc:1)
  4 water moccasins
  3 ogres
  4 orc warriors
  2 black bears
  3 centaurs
  6 wolves
  A scorpion (D:7)
  9 wights
  3 killer bees (D:10)
  3 howler monkeys
  2 orc priests
  Terence (D:2)
  An orc wizard (D:7)
  2 gnolls
  6 orcs
  53 fungi
  89 plants
  9 withered plants
292 creatures vanquished.

Grand Total: 724 creatures vanquished

Notes
Turn   | Place    | Note
-------+----------+-------------------------------------------
     0 | D:1      | croobank the Felid Summoner began the quest for the Orb.
     0 | D:1      | Reached XP level 1. HP: 7/7 MP: 4/4
    97 | D:1      | Reached skill level 3 in Dodging
    99 | D:1      | Reached XP level 2. HP: 11/11 MP: 4/6
   138 | D:1      | Learned a level 2 spell: Call Imp
   474 | D:1      | Found Miublud's Book Shoppe.
   496 | D:1      | Reached XP level 3. HP: 14/14 MP: 5/7
   587 | D:1      | Found a faded altar of an unknown god.
   747 | D:1      | Learned a level 3 spell: Call Canine Familiar
  1629 | D:2      | Reached skill level 1 in Fighting
  1629 | D:2      | Reached XP level 4. HP: 19/19 MP: 2/9
  1844 | D:2      | Noticed Terence
  2064 | D:3      | Reached skill level 4 in Dodging
  2111 | D:3      | Found a stormy altar of Qazlal.
  2186 | D:3      | Reached XP level 5. HP: 22/22 MP: 6/10
  2190 | D:3      | Learned a level 3 spell: Summon Guardian Golem
  2384 | D:3      | Reached skill level 1 in Hexes
  2871 | D:3      | Identified a scroll of acquirement
  2871 | D:3      | Acquired the amulet "Fuff" {RegenMP Str+3}
  2927 | D:4      | Killed from afar by an orc priest
  2928 | D:4      | Reached XP level 4. HP: 0/20 MP: 9/9
  3034 | D:4      | Reached XP level 5. HP: 23/23 MP: 10/10
  3200 | D:4      | Found a runed translucent gate.
  3200 | D:4      | Found a runed translucent gate.
  3200 | D:4      | Found a runed translucent gate.
  3327 | D:4      | Noticed an ice beast
  3327 | D:4      | Noticed Jingleheimer's ghost (amateur DsGl)
  3545 | D:4      | Found a shimmering blue altar of Sif Muna.
  3548 | D:4      | Found an ancient bone altar of Kikubaaqudgha.
  3557 | D:4      | Found an opulent altar of Gozag.
  3557 | D:4      | Found a basalt altar of Yredelemnul.
  3562 | D:4      | Became a worshipper of Gozag Ym Sagoz the Greedy
  3564 | D:4      | Found an ornate altar of the Wu Jian Council.
  3683 | D:5      | Entered Level 5 of the Dungeon
  3866 | D:5      | Reached skill level 5 in Summonings
  3866 | D:5      | Gained mutation: You are covered in thick fur. (AC +2)
                  | [Felid growth]
  3866 | D:5      | Reached XP level 6. HP: 28/28 MP: 10/12
  3896 | D:5      | Noticed an ice beast
  3920 | D:5      | Killed an ice beast
  3946 | D:5      | Reached skill level 5 in Dodging
  4870 | D:2      | Killed Terence
  5083 | D:6      | Noticed an ice beast
  5253 | D:6      | Reached XP level 7. HP: 31/31 MP: 10/13
  5298 | D:6      | HP: 1/32 [themself (20)]
  5714 | D:6      | Paralysed by a gnoll for 2 turns
  5734 | D:6      | Acquired the ring of Myutixaz {rPois rF+ rC+ Int+5}
  6159 | D:6      | Learned a level 4 spell: Summon Lightning Spire
  6250 | D:6      | Found a staircase to the Ecumenical Temple.
  6379 | D:6      | Reached skill level 5 in Fighting
  6747 | D:7      | Reached XP level 8. HP: 37/37 MP: 15/15
  6769 | D:7      | Found a snail-covered altar of Cheibriados.
  6827 | D:7      | Reached skill level 6 in Dodging
  6947 | D:7      | Reached skill level 1 in Air Magic
  7071 | D:7      | Found a bloodstained altar of Trog.
  7183 | D:7      | Reached skill level 5 in Hexes
  8196 | D:8      | Reached skill level 7 in Dodging
  8196 | D:8      | Reached XP level 9. HP: 42/42 MP: 17/17
  8199 | D:8      | Noticed Psyche
  8384 | D:8      | Noticed Prince Ribbit
  8422 | D:8      | Killed Psyche
  8423 | D:8      | Reached skill level 5 in Spellcasting
  8475 | D:8      | Killed Prince Ribbit
  8574 | D:8      | Found Solismip's Book Shoppe.
  8726 | D:8      | Noticed a gargoyle
  8728 | D:8      | Noticed a gargoyle
  8732 | D:8      | Noticed ratmagoo's ghost (novice GrEE)
  8735 | D:8      | Found a transporter.
  8749 | D:8      | Reached skill level 8 in Dodging
  8765 | D:8      | Found a transporter.
  8886 | D:8      | Found Imu Ruodd's Armour Shop.
  9012 | D:8      | Found a glowing silver altar of Zin.
  9013 | D:8      | Noticed an angel
  9233 | D:9      | Noticed a troll
  9243 | D:9      | Killed a troll
  9244 | D:9      | Reached XP level 10. HP: 46/48 MP: 15/19
 10196 | D:9      | Found a shadowy altar of Dithmenos.
 10299 | D:9      | Reached skill level 9 in Dodging
 10311 | D:9      | Reached skill level 5 in Air Magic
 10733 | D:9      | Found a sacrificial altar of Ru.
 10898 | D:10     | Entered Level 10 of the Dungeon
 11068 | D:10     | Found a white marble altar of Elyvilon.
 11142 | D:10     | Reached XP level 11. HP: 19/54 MP: 20/22
 12079 | D:10     | Noticed a two-headed ogre
 12090 | D:10     | Killed a two-headed ogre
 12091 | D:10     | Reached skill level 10 in Fighting
 12675 | D:11     | Noticed a two-headed ogre
 12690 | D:11     | Killed a two-headed ogre
 12691 | D:11     | Reached skill level 10 in Dodging
 13114 | D:11     | Found a staircase to the Orcish Mines.
 13124 | D:11     | Noticed a death yak
 13170 | D:11     | Noticed a death yak
 13178 | D:11     | Killed a death yak
 13457 | D:11     | Noticed a red ugly thing
 13477 | D:11     | Killed a red ugly thing
 13678 | D:11     | Learned a level 3 spell: Mephitic Cloud
 13697 | D:11     | Found a staircase to the Lair.
 13710 | D:11     | Noticed a death yak
 13713 | D:11     | Noticed a death yak
 13713 | D:11     | Noticed a death yak
 13723 | D:11     | Killed a death yak
 13732 | D:11     | Killed a death yak
 13755 | D:11     | Killed a death yak
 13757 | D:11     | Killed a death yak
 13758 | D:11     | Reached skill level 11 in Dodging
 14174 | D:11     | Gained mutation: Your thick and shaggy fur keeps you warm.
                  | (AC +3, rC+) [Felid growth]
 14174 | D:11     | Reached XP level 12. HP: 60/60 MP: 22/24
 14437 | D:11     | Noticed Amaemon
 14450 | D:11     | Killed Amaemon
 14875 | D:12     | Got Ufaump's Cyclopedia of the Spider and Metamorphosis
 14992 | D:12     | Found a transporter.
 14993 | D:12     | Noticed a two-headed ogre
 14994 | D:12     | Noticed a two-headed ogre
 14995 | D:12     | Noticed an ettin
 14995 | D:12     | Noticed Jingleheimer's ghost (journeyman MfFi)
 14997 | D:12     | Noticed a two-headed ogre
 14998 | D:12     | Found a transporter.
 14998 | D:12     | Noticed a two-headed ogre
 14999 | D:12     | Noticed a two-headed ogre
 14999 | D:12     | Noticed a two-headed ogre
 15050 | D:12     | Noticed Frances
 15491 | Lair:1   | Entered Level 1 of the Lair of Beasts
 15555 | Lair:1   | Noticed Gastronok
 15577 | Lair:1   | Killed Gastronok
 15877 | Lair:1   | Found a dark tunnel.
 15934 | Volcano  | Entered a volcano
 15939 | Volcano  | Learned a level 3 spell: Dazzling Flash
 15943 | Volcano  | Learned a level 3 spell: Frozen Ramparts
 15953 | Volcano  | Gained mutation: You are dopey. (Int -2) [potion of
                  | mutation]
 15953 | Volcano  | Gained mutation: Your muscles are strong. (Str +4, Int/Dex
                  | -1) [potion of mutation]
 15954 | Volcano  | Lost mutation: You are dopey. (Int -2) [potion of mutation]
 15954 | Volcano  | Lost mutation: Your muscles are strong. (Str +4, Int/Dex
                  | -1) [potion of mutation]
 15954 | Volcano  | Gained mutation: Your muscles are strong. (Str +4, Int/Dex
                  | -1) [potion of mutation]
 15954 | Volcano  | Gained mutation: You are partially covered in iridescent
                  | scales. (AC +2) [potion of mutation]
 15963 | Volcano  | Noticed a centaur warrior
 16127 | Volcano  | Killed a centaur warrior
 16740 | Lair:1   | Noticed Sonja
 16747 | Lair:1   | Killed Sonja
 16748 | Lair:1   | Reached skill level 12 in Dodging
 16935 | Lair:1   | Reached skill level 10 in Summonings
 17587 | Lair:2   | Found a staircase to the Shoals.
 17889 | Lair:2   | Found a runed translucent gate.
 17955 | Lair:2   | Found a hole to the Spider Nest.
 18000 | Lair:2   | Found a runed translucent gate.
 18008 | Lair:2   | Found a runed translucent gate.
 18024 | Lair:2   | Noticed fishmans's ghost (journeyman DrFE)
 18024 | Lair:2   | Noticed croobank's ghost (journeyman DsCj)
 18415 | Lair:2   | Found the +3 pair of gauntlets of War {Slay+5}
 18806 | Lair:3   | Reached XP level 13. HP: 66/66 MP: 26/26
 19802 | Lair:4   | Noticed Rupert
 19819 | Lair:4   | Killed Rupert
 19829 | Lair:4   | Reached skill level 13 in Dodging
 19990 | Lair:4   | Identified the +1 robe of the Neverending Souls {Int+5}
 20477 | Lair:5   | Entered Level 5 of the Lair of Beasts
 20961 | Lair:5   | Found a staircase to the Slime Pits.
 20962 | Lair:5   | Found a viscous altar of Jiyva.
 21474 | Lair:5   | Reached skill level 14 in Dodging
 21541 | Lair:5   | Reached skill level 10 in Spellcasting
 22246 | Lair:5   | Reached skill level 15 in Fighting
 22339 | Lair:5   | Reached XP level 14. HP: 73/73 MP: 26/29
 22538 | Lair:5   | Reached skill level 15 in Dodging
 24053 | Orc:1    | Entered Level 1 of the Orcish Mines
 24075 | Orc:1    | Reached skill level 1 in Translocations
 24307 | Orc:1    | Found a runed translucent door.
 24308 | Orc:1    | Noticed tatocazan's ghost (journeyman MiFi)
 24311 | Orc:1    | Found Cecel's Armour Boutique.
 24339 | Orc:1    | Reached skill level 1 in Transmutations
 24550 | Orc:1    | Learned a level 3 spell: Stone Arrow
 24551 | Orc:2    | Entered Level 2 of the Orcish Mines
 24673 | Orc:1    | Learned a level 4 spell: Iskenderun's Mystic Blast
 25718 | D:12     | You fall into a shaft and drop 1 floor!
 25735 | D:13     | Found a gate to the Vaults.
 26073 | D:4      | Killed Jingleheimer's ghost
 26834 | Orc:1    | Hit by a large rock thrown by a cyclops
 26835 | Orc:1    | Reached XP level 13. HP: -11/69 MP: 22/28
 26874 | Orc:1    | Reached skill level 1 in Conjurations
 27650 | Orc:1    | Noticed an orc warlord
 27658 | Orc:1    | Reached skill level 5 in Translocations
 27711 | Orc:1    | HP: 2/69 [orc warlord/+2 vorpal war axe (3)]
 27713 | Orc:1    | Killed from afar by an orc priest
 27714 | Orc:1    | Reached XP level 12. HP: -3/65 MP: 13/27
 27902 | Orc:2    | Gained mutation: You occasionally shout uncontrollably at
                  | your foes. [a neqoxec]
 28155 | Orc:2    | Noticed an ogre mage
 28155 | Orc:2    | Paralysed by an ogre mage for 4 turns
 28179 | Orc:2    | Killed an ogre mage
 28296 | Orc:2    | Found Zipaqigu's Antique Weapon Shop.
 28344 | Orc:2    | Found an ancient bone altar of Kikubaaqudgha.
 28435 | Orc:2    | Paralysed by an orc sorcerer for 4 turns
 28484 | Orc:2    | Noticed Erolcha
 28494 | Orc:2    | Killed Erolcha
 28518 | Orc:2    | Found a radiant altar of Vehumet.
 28567 | Orc:2    | Found Tuoggai's Book Boutique.
 28593 | Orc:2    | Found Fops's Distillery.
 28601 | Orc:2    | Found Ceojaf's Antique Weapon Shop.
 28821 | Orc:2    | Found a staircase to the Elven Halls.
 28834 | Orc:2    | Noticed a two-headed ogre
 28863 | Orc:2    | Killed a two-headed ogre
 29107 | Orc:2    | Noticed an ogre mage
 29107 | Orc:2    | Noticed a two-headed ogre
 29141 | Orc:2    | Killed an ogre mage
 29141 | Orc:2    | Killed a two-headed ogre
 29142 | Orc:2    | Reached skill level 16 in Dodging
 29142 | Orc:2    | Reached XP level 13. HP: 69/69 MP: 24/28
 29577 | Orc:1    | Killed an orc warlord
 30205 | Orc:2    | Bought the Octavo of Helpful Hexing for 600 gold pieces
 30340 | D:8      | Learned a level 3 spell: Tukima's Dance
 30539 | Spider:1 | Entered Level 1 of the Spider Nest
 31850 | Spider:1 | Learned a level 6 spell: Dispersal
 31913 | Spider:2 | Noticed a ghost moth
 31937 | Spider:2 | Killed a ghost moth
 32660 | Spider:2 | Identified the +1 helmet of Sif Muna, Grinning {Rampage}
 32710 | Spider:2 | Noticed an entropy weaver
 32739 | Spider:2 | Killed an entropy weaver
 33551 | Spider:3 | Noticed an entropy weaver
 33563 | Spider:3 | Killed an entropy weaver
 33564 | Spider:3 | Reached skill level 10 in Translocations
 33570 | Spider:3 | Noticed a broodmother
 33625 | Spider:3 | Noticed a broodmother
 33753 | Spider:3 | Slain by a wolf spider

Illustrated notes

Levels and vault maps discovered:
D:1:      saegor_arrival_simple_d, layout_rooms,
          dreamdust_ecumenical_altar_drowned_temple, serial_shops,
          nicolae_shop_behind_doors, lexackson_kobold_supper
D:2:      layout_rooms, serial_undead, serial_undead_d, serial_undead_b,
          serial_undead_c, serial_undead_b, serial_undead_f, serial_undead_b,
          serial_bayou_pond_c, uniq_terence
D:3:      layout_loops_ring, mainiacjoe_overflow_alcove_2
D:4:      layout_basic, minitemple, gammafunk_ghost_icy
D:5:      layout_basic
D:6:      layout_gridville, minmay_temple_entry_mini_moons, minivault_11
D:7:      layout_rooms, kennysheep_mini, slow_altar_2, eino_curves_03
D:8:      layout_loops_ring, zin_angel, enter_bailey_4, gammafunk_ghost_arena,
          serial_shops, nicolae_shop_crystal, nicolae_diamond_shop,
          uniq_prince_ribbit1, uniq_psyche
D:9:      layout_rooms, nicolae_ru_path_of_blood, kennysheep_mini_moat,
          serial_aquarium, aquarium_bridge_square [aquarium_subvault_wall,
          aquarium_subvault_bridge, aquarium_subvault_wall,
          aquarium_subvault_bridge], aquarium_bridge_straight
          [aquarium_subvault_bridge, aquarium_subvault_window,
          aquarium_subvault_bridge, aquarium_subvault_window],
          aquarium_window_corridor_3, aquarium_window_1, aquarium_window_1,
          aquarium_window_1, aquarium_view_2d, aquarium_pool_side
D:10:     layout_loops_corners, old_standard_altar
D:11:     layout_stronghold, dpeg_lair_monsters, portal_ice_cave_demonic_guard,
          uniq_amaemon
D:12:     layout_rooms, gammafunk_ghost_smash, uniq_frances
D:13:     layout_cave_pools, erik_vaults_2
Lair:1:   layout_cellular_growth, nicolae_volcano_entry_hallway,
          serial_bayou_shore_b, lemuel_fruit_tree, serial_bayou_shore_b,
          infiniplex_staircase_pool_2, uniq_sonja, uniq_gastronok
Lair:2:   layout_chaotic_city, shoals_dummy_entry,
          nicolae_spider_entry_orb_guardian, gauntlet_entry_generic,
          gammafunk_ghost_cemetery
Lair:3:   layout_loops_ring
Lair:4:   layout_loops_ring, uniq_rupert
Lair:5:   hangedman_lair_tendril_chambers, layout_long_grid, slime_entry_1
Spider:1: layout_spider_delve, drop_trap, nicolae_spider_spiderdrome
Spider:2: layout_cave_pods, nicolae_spider_cling_halls
Spider:3: layout_spider_delve, uniq_arachne
Orc:1:    layout_diamond_mine, ebering_ghost_reflecting_pool, serial_shops, shop
Orc:2:    kennysheep_orc_mage_school, layout_caves, nicolae_orc_bridge_out,
          elves_outpost_lemuel, uniq_erolcha

Skill      XL: |  1  2  3  4  5  6  7  8  9 10 11 12 13 14 |
---------------+-------------------------------------------+-----
Dodging        | 3 4 5 7 8 9 11 16 14 15 | 16.6
Stealth        | 3 |  3.5
Fighting       | 1 3 5 6 8 9 11 13 15 | 15.0
Spellcasting   | 3 4 5 6 7 8 10 | 10.6
Hexes          | 2 3 4 5 |  5.0
Summonings     | 5 6 7 8 9 10 | 10.7
Air Magic      | 2 3 5 6 7 |  7.0
Translocations | 7 10 2 | 10.1
Transmutations | 3 1 |  3.5
Conjurations   | 4 2 |  4.2

Action                   |  1- 3 |  4- 6 |  7- 9 | 10-12 | 13-15 || total
-------------------------+-------+-------+-------+-------+-------++-------
Melee: Unarmed           |    47 |     6 |    26 |    36 |    49 ||   164
       Bite              |    10 |     1 |     6 |     5 |     7 ||    29
       Punch             |       |       |       |       |     1 ||     1
 Cast: Summon Small Mamm |    29 |    13 |    29 |    13 |    10 ||    94
       Call Imp          |    12 |    12 |    19 |    13 |    10 ||    66
       Call Canine Famil |     7 |    30 |    41 |    64 |    42 ||   184
       Summon Guardian G |       |     6 |    38 |    90 |    85 ||   219
       Summon Lightning  |       |       |     1 |    77 |   104 ||   182
       Stone Arrow       |       |       |       |    15 |    64 ||    79
       Mephitic Cloud    |       |       |       |     3 |    10 ||    13
       Dazzling Flash    |       |       |       |     3 |    11 ||    14
       Frozen Ramparts   |       |       |       |     1 |       ||     1
       Iskenderun's Myst |       |       |       |       |    26 ||    26
       Dispersal         |       |       |       |       |     4 ||     4
Invok: Potion Petition   |       |       |       |     1 |       ||     1
Evoke: Wand              |       |       |       |     7 |    19 ||    26
       Condenser vane    |       |       |       |       |     1 ||     1
  Use: Scroll            |       |    13 |     8 |     8 |     9 ||    38
       Potion            |       |     2 |     4 |     3 |     7 ||    16
 Stab: Sleeping          |     5 |     4 |     1 |       |       ||    10
       Paralysed         |       |       |       |     2 |     6 ||     8
       Confused          |       |       |       |     2 |     1 ||     3
       Invisible         |       |       |       |       |     2 ||     2
       Distracted        |       |       |       |       |     1 ||     1
Armor: Skin              |       |     1 |     4 |     4 |    25 ||    34
Dodge: Dodged            |    20 |    17 |    40 |   115 |   374 ||   566
